 Dungeon Crawl Stone Soup version 0.19-a0-1899-g2d93087 (webtiles) character file.

808 dobroeutro the Archer (level 7, -7/63 HPs)
             Began as a Centaur Hunter on Oct 20, 2016.
             Shot with an arrow by a centaur (10 damage)
             ... on level 6 of the Dungeon.
             The game lasted 00:08:15 (6131 turns).

dobroeutro the Archer (Centaur Hunter)              Turns: 6131, Time: 00:08:16

Health: -7/63      AC:  6    Str: 15    XL:     7   Next: 60%
Magic:  7/7        EV: 10    Int: 14    God:
Gold:   270        SH:  0    Dex: 11    Spells: 0 memorised, 6 levels left

rFire  . . .     SeeInvis .     p - +0 short sword (venom)
rCold  . . .     Gourm    .     w - +0 robe (curse)
rNeg   . . .     Faith    .     (no shield)
rPois  .         Spirit   .     (no helmet)
rElec  .         Reflect  .     z - +0 cloak
rCorr  .         Harm     .     y - +0 pair of gloves
MR     .....                    (no barding)
Stlth  +.........               (no amulet)
                                l - ring of flight
                                i - +4 ring of intelligence

@: very quick
A: hooves 3, deformed body, speed 2, tough skin 3
a: Evoke Flight


You were on level 6 of the Dungeon.
You were not hungry.

You visited 2 branches of the dungeon, and saw 7 of its levels.

You collected 270 gold pieces.

Inventory:

Hand Weapons
 a - a +1 shortbow
 p - a +0 short sword of venom (weapon)
Missiles
 d - 63 arrows
Armour
 c - a +0 leather armour
 w - a cursed +0 robe (worn)
 y - a +0 pair of gloves (worn)
 z - a +0 cloak (worn)
Jewellery
 i - a +4 ring of intelligence (left hand)
 l - a ring of flight (right hand)
Wands
 E - a wand of flame (17/48)
Scrolls
 b - 5 scrolls of identify {unknown}
 e - 3 scrolls of remove curse {unknown}
 j - a scroll of enchant weapon {unknown}
 k - a scroll of immolation {unknown}
 s - a scroll of blinking {unknown}
 u - a scroll of fog {unknown}
 B - a scroll of recharging {unknown}
 C - a scroll of enchant armour {unknown}
Potions
 g - a potion of cure mutation
 m - a potion of degeneration {unknown}
 q - a potion of curing
 r - a potion of agility {unknown}
 t - 2 potions of resistance
 v - 2 potions of flight {unknown}
 A - a potion of invisibility {unknown}
 D - 2 potions of mutation {unknown}
Comestibles
 f - 4 bread rations
 h - 7 meat rations
 n - 2 beef jerkies
 o - 9 fruits
 x - a slice of pizza
 F - 3 chunks of flesh


   Skills:
 + Level 6.2 Fighting
 + Level 9.6 Bows
 - Level 1.3 Dodging
 - Level 0.4 Stealth


You had 6 spell levels left.
You didn't know any spells.

Dungeon Overview and Level Annotations

Branches:
Dungeon (6/15)             Temple (1/1) D:5

Altars:
Cheibriados
Dithmenos
Elyvilon
Fedhas
Gozag
Hepliaklqana
Kikubaaqudgha
Makhleb
Nemelex Xobeh
Qazlal
Ru
Sif Muna
Trog
Vehumet
Xom
Zin
The Shining One

Shops:
D:5 =


Innate Abilities, Weirdness & Mutations

You have hooves in place of feet.
Armour fits poorly on your strangely shaped body.
You cover ground very quickly.
You have extremely tough skin. (AC +3)


Message History

The centaur wields a shortbow.
The centaur shoots an arrow.
The arrow hits you!
You closely miss the phantom.
The centaur shoots an arrow.
The arrow hits you!
The phantom blinks!
A centaur comes into view.
You closely miss the phantom.
The centaur moves out of view.
The centaur shoots an arrow.
The arrow hits you.
The phantom blinks!
The centaur shoots an arrow.
The arrow hits you!
The centaur wields a shortbow.
The centaur shoots an arrow.
The arrow barely misses you.
You see here 2 arrows.
The centaur shoots an arrow.
The arrow hits you.
* * * LOW HITPOINT WARNING * * *
You see here 3 arrows.
The centaur shoots an arrow.
The arrow hits you!
* * * LOW HITPOINT WARNING * * *
You see here an arrow.
The centaur shoots an arrow.
The arrow hits you.
* * * LOW HITPOINT WARNING * * *
You see here an arrow.
The centaur shoots an arrow.
The arrow hits you!
You die...

#.# #.###
#.# #...#
..# ###.#
### #.# .
#########.#
.
......>...#
.#
######.###
## #.# #@##
#(.# ##(##
#######(.#
#..W..(..#
#.#####..#
#..# ...c.
.###..#


You could see a centaur.

Vanquished Creatures
  A sky beast (D:5)
  2 ogres
  The ghost of p0werm0de the Ruffian, an amateur VSWr (D:4)
  2 crimson imps (D:5)
  A bullfrog skeleton (D:6)
  2 hounds
  A jelly (D:5)
  2 orc wizards
  Crazy Yiuf (D:3)
  An orc priest (D:6)
  A hound zombie (D:5)
  5 adders
  3 oozes
  An adder zombie (D:5)
  4 worms
  2 dart slugs
  3 leopard geckos
  7 orcs
  3 ball pythons
  8 bats
  2 giant cockroaches
  5 hobgoblins
  8 jackals
  8 kobolds
  4 quokkas
  7 frilled lizards
  A leopard gecko skeleton (D:5)
  A quokka skeleton (D:5)
  13 rats
100 creatures vanquished.

Notes
Turn   | Place    | Note
-------+----------+-------------------------------------------
     0 | D:1      | dobroeutro the Centaur Hunter began the quest for the Orb.
     0 | D:1      | Reached XP level 1. HP: 17/17 MP: 1/1
   525 | D:1      | Reached XP level 2. HP: 13/25 MP: 2/2
  1352 | D:2      | Reached skill level 6 in Bows
  1512 | D:2      | Reached XP level 3. HP: 30/30 MP: 3/3
  2396 | D:2      | Reached XP level 4. HP: 34/38 MP: 4/4
  2553 | D:3      | Reached skill level 7 in Bows
  3161 | D:3      | Found a runed door.
  3258 | D:3      | Noticed Crazy Yiuf
  3276 | D:3      | Killed Crazy Yiuf
  3276 | D:3      | Reached XP level 5. HP: 13/46 MP: 0/5
  3729 | D:4      | Noticed p0werm0de's ghost (amateur VSWr)
  3739 | D:4      | Killed p0werm0de's ghost
  3858 | D:4      | Found a blossoming altar of Fedhas.
  3978 | D:5      | Entered Level 5 of the Dungeon
  4106 | D:5      | Reached skill level 8 in Bows
  4106 | D:5      | Reached XP level 6. HP: 51/53 MP: 6/6
  4149 | D:5      | Found Noilua's Jewellery Boutique.
  4252 | D:5      | Found an opulent altar of Gozag.
  4329 | D:5      | Found a staircase to the Ecumenical Temple.
  4368 | D:5      | Found a radiant altar of Vehumet.
  4580 | D:5      | Reached skill level 5 in Fighting
  4628 | D:5      | Found a sacrificial altar of Ru.
  4880 | D:5      | Noticed a sky beast
  4948 | D:5      | Killed a sky beast
  4948 | D:5      | Reached XP level 7. HP: 10/62 MP: 7/7
  5325 | D:5      | Reached skill level 9 in Bows
  5338 | Temple   | Entered the Ecumenical Temple
  6130 | D:6      | HP: 3/63 [centaur/arrow (5)]
  6131 | D:6      | Shot with an arrow by a centaur

Vault maps used:
D:1:      wheals_arrival_linesprint
D:3:      first_bread, uniq_crazy_yiuf_cottage
D:4:      fedhas_altar_2
D:5:      grunt_gozag_breadcrumbs, nicolae_ru_sacrificial_ziggurat,
          serial_shops, shop, vehumet_altar_wand_db
D:6:      lemuel_insect_pit, okawaru_ov_weapons_minmay, evilmike_ruin_ashenzari
Temple:   regret_index_temple_waves

Skill      XL: |  1  2  3  4  5  6  7 |
---------------+----------------------+-----
Bows           | 6 7 8 9 |  9.6
Fighting       | 3 4 5 6 |  6.2
Dodging        | |  1.3
Stealth        | |  0.4

Action                   |  1- 3 |  4- 6 |  7- 9 || total
-------------------------+-------+-------+-------++-------
Melee: Short sword       |   134 |   146 |    59 ||   339
       Kick              |    17 |    31 |    20 ||    68
 Fire: Shortbow          |     6 |    53 |     7 ||    66
  Use: Potion            |     2 |       |       ||     2
  Eat: Bread ration      |     1 |       |       ||     1
       Chunk             |       |     5 |     4 ||     9
Armor: Leather armour    |    66 |     2 |       ||    68
       Robe              |       |    62 |    16 ||    78
Dodge: Dodged            |    85 |    73 |    28 ||   186
